 Dungeon Crawl Stone Soup version 0.24-a0-170-gd8427f5 (console) character file.

Game seed: 12326817900320961101

24773 Duffy the Martial Artist (level 12, 87/97 HPs)
             Began as a Purple Draconian Transmuter on Mar 11, 2019.
             Was an Elder of Ru.
             Quit the game on level 3 of the Lair of Beasts.
             The game lasted 00:25:06 (21104 turns).

Duffy the Martial Artist (DrTm)                    Turns: 21104, Time: 00:25:07

Health: 87/97      AC: 15    Str: 12    XL:     12   Next: 83%
Magic:  26/26      EV: 11    Int: 18    God:    Ru [****..]
Gold:   228        SH:  0    Dex: 13    Spells: 21/31 levels left

rFire    . . .     SeeInvis .     - Unarmed
rCold    + . .     Gourm    +   (no shield)
rNeg     . . .     Faith    .   (armour unavailable)
rPois    .         Spirit   .   k - +2 hat
rElec    .         Reflect  .   v - +0 cloak
rCorr    +         Harm     .   p - +0 pair of gloves
MR       +....                  L - +2 pair of boots {run}
Stlth    +.........             P - amulet of the gourmand
HPRegen  0.26/turn              G - ring of protection from cold
MPRegen  0.20/turn              q - ring of resist corrosion

@: quick
A: breathe power, unfitting armour, cold-blooded, inability to train dodging,
unskilled 1, AC +8
a: Breathe Dispelling Energy, Draw Out Power, Power Leap, Renounce Religion


You were on level 3 of the Lair of Beasts.
You worshipped Ru.
Ru was greatly pleased with you.
You were not hungry.

You visited 3 branches of the dungeon, and saw 14 of its levels.

You collected 586 gold pieces.
You spent 358 gold pieces at shops.

Inventory:

Missiles
 a - 238 arrows
 E - a throwing net (quivered)
Armour
 k - a +2 hat (worn)
 p - a +0 pair of gloves (worn)
 v - a +0 cloak (worn)
 L - a +2 pair of boots of running (worn)
Jewellery
 n - an uncursed ring of protection from fire
 q - a ring of resist corrosion (right hand)
 y - an uncursed ring of ice
 G - a ring of protection from cold (left hand)
 O - an uncursed ring of positive energy
 P - an amulet of the gourmand (around neck)
Wands
 i - a wand of iceblast (8)
 u - a wand of polymorph (3)
 x - a wand of enslavement (4)
 H - a wand of flame (7)
 J - a wand of digging (7)
 N - a wand of acid (7)
Scrolls
 d - 10 scrolls of remove curse
 f - 7 scrolls of teleportation
 g - 3 scrolls of immolation
 h - 4 scrolls of fear
 m - a scroll of enchant armour {unknown}
 r - 4 scrolls of magic mapping
 s - 4 scrolls of amnesia
 A - 2 scrolls of fog
 D - a scroll of blinking
 F - 2 scrolls of summoning {unknown}
Potions
 e - 4 potions of curing
 j - 2 potions of heal wounds
 l - a potion of might
 o - a potion of berserk rage
 t - 2 potions of flight
 w - a potion of haste
 z - a potion of cancellation
 B - 2 potions of lignification
 C - a potion of agility
 I - a potion of mutation
 K - 2 potions of brilliance
 M - a potion of ambrosia
Miscellaneous
 b - a sack of spiders
Comestibles
 c - 22 rations


   Skills:
 + Level 6.4 Fighting
 + Level 10.2 Unarmed Combat
 - Level 10.0 Spellcasting
 - Level 10.0 Transmutations
 - Level 2.8 Poison Magic
 - Level 6.0 Evocations


You had 21 spell levels left.
You knew the following spells:

 Your Spells              Type           Power        Failure   Level  Hunger
h - Blade Hands           Tmut           #####.....   3%          5    #####..
j - Spider Form           Tmut/Pois      ####......   1%          3    None
n - Sticks to Snakes      Tmut           #####...     1%          2    None

Your spell library contained the following spells:

 Spells                   Type           Power        Failure   Level  Hunger
 Beastly Appendage        Tmut           #####.       1%          1    None
 Ice Form                 Ice/Tmut       ####....     10%         4    ###....


Dungeon Overview and Level Annotations

Branches:
Dungeon (10/15)            Temple (1/1) D:5            Lair (3/6) D:10
 Shoals (0/4) Lair:2          Orc (0/2) D:10
  Snake: Lair:2-4    Spider: Lair:2-4

Altars:
Ashenzari
Cheibriados
Dithmenos
Elyvilon
Fedhas
Gozag
Hepliaklqana
Kikubaaqudgha
Makhleb
Nemelex Xobeh
Okawaru
Qazlal
Ru
Sif Muna
Trog
Uskayaw
Vehumet
Wu Jian
Xom
Yredelemnul
Zin
The Shining One

Shops:
D:5 %   D:9 *%}*(


Innate Abilities, Weirdness & Mutations

You can breathe bolts of dispelling energy.
Your rich purple scales are hard. (AC +8)
You cannot fit into any form of body armour.
You are cold-blooded and may be slowed by cold attacks.
You cannot train Dodging skill.
You are somewhat unskilled. (-1 Apt)


Message History

You feel sick.
You feel sick.
You feel sick.
You feel sick.
You feel sick.
Your transformation is almost over.
You feel sick.
You feel sick.
Your hands revert to their normal proportions.
Your +0 pair of gloves unmelds from your body.
You feel sick.
You are no longer poisoned.
A yak comes into view.
A yak is nearby!
A yak is nearby!
A yak is nearby!
A yak is nearby!
A yak is nearby!
A yak is nearby!
Are you sure you want to abandon this character and quit the game? (Confirm with "yes".)

## ##........# #
###..#'### ..# # ####.#
.. # ##..# ..# # ##..%#
##..### # ##P+.##
##....(.. # #.....#
#........
####.+.....######..(.....
.P......%..+....#@.......
...###......###..#.......
..# #P......# #..........
.## ##......# ##.........
## ####+.## ###.......
..# #.#..P# .### .?.... .
Y####. +


You could see a yak (wandering).

Vanquished Creatures
  Harold (D:7)
  A hydra (Lair:1)
  Erica (D:9)
  Pikel (D:7)
  4 merfolk sirens (Lair:2)
  9 elephants
  2 black mambas
  Joseph (D:7)
  6 spiny frogs
  2 komodo dragons
  3 trolls
  2 hornets (D:9)
  4 blink frogs (Lair:3)
  7 hippogriffs
  Sigmund (D:3)
  A wyvern (D:8)
  5 basilisks
  30 yaks
  4 hogs (D:7)
  A human (D:7)
  2 hungry ghosts
  3 water moccasins
  An orc warrior (D:6)
  6 porcupines
  2 sky beasts
  3 ice beasts
  5 phantoms
  A black bear (D:6)
  6 ogres
  4 centaurs
  7 crocodiles
  2 big kobolds
  Blork the orc (D:5)
  5 bullfrogs
  2 wyvern zombies (D:10)
  A scorpion (D:4)
  5 killer bees (D:8)
  4 wights (D:7)
  2 howler monkeys
  A bullfrog zombie (D:8)
  2 centaur zombies
  4 orc priests
  6 hounds
  3 bullfrog skeletons
  2 orc wizards
  Ijyb (D:5)
  Natasha (thrice) (D:4)
  9 worker ants
  An iguana (D:10)
  2 worker ant zombies (D:9)
  9 adders
  4 gnolls (D:4)
  3 shadow imps
  2 oozes (D:1)
  An adder skeleton (D:8)
  2 adder zombies
  A worm (D:2)
  2 dart slugs
  12 leopard geckos
  17 orcs
  9 bats
  5 giant cockroaches
  9 goblins
  8 hobgoblins
  4 jackals
  18 kobolds
  6 quokkas
  7 frilled lizards
  A leopard gecko zombie (D:6)
  A quokka skeleton (D:6)
  6 rats
309 creatures vanquished.

Vanquished Creatures (collateral kills)
  Menkaure (D:7)
1 creature vanquished.

Vanquished Creatures (others)
  A hydra (Lair:2)
  2 slaves (D:7)
  A wight (D:7)
  A worker ant (D:8)
  3 kobolds (D:9)
  A bush (Lair:2)
  4 fungi
  6 plants
19 creatures vanquished.

Grand Total: 329 creatures vanquished

Notes
Turn   | Place    | Note
-------+----------+-------------------------------------------
     0 | D:1      | Duffy the Draconian Transmuter began the quest for the Orb.
     0 | D:1      | Reached XP level 1. HP: 16/16 MP: 3/3
   174 | D:1      | Reached XP level 2. HP: 23/23 MP: 5/5
   514 | D:1      | Reached XP level 3. HP: 20/28 MP: 6/6
   559 | D:1      | Learned a level 2 spell: Sticks to Snakes
   563 | D:1      | Learned a level 3 spell: Spider Form
  1318 | D:2      | Found a basalt altar of Yredelemnul.
  1581 | D:2      | Reached skill level 1 in Poison Magic
  1587 | D:2      | Reached XP level 4. HP: 30/35 MP: 7/7
  2935 | D:3      | Noticed Sigmund
  3024 | D:3      | Killed Sigmund
  3024 | D:3      | Reached XP level 5. HP: 40/40 MP: 5/8
  3024 | D:3      | Reached XP level 6. HP: 47/47 MP: 5/9
  3345 | D:3      | Found a sparkling altar of Nemelex Xobeh.
  3349 | D:3      | Found a sacrificial altar of Ru.
  3353 | D:3      | Found a burning altar of Makhleb.
  3355 | D:3      | Found a bloodstained altar of Trog.
  3356 | D:3      | Found an iron altar of Okawaru.
  3375 | D:3      | Became a worshipper of Ru the Awakened
  3708 | D:4      | Reached skill level 5 in Unarmed Combat
  3808 | D:4      | HP: 2/47 [poisoned by a scorpion]
  4158 | D:4      | Reached skill level 5 in Transmutations
  4472 | D:4      | Your scales start taking on a rich purple colour.
  4472 | D:4      | Reached XP level 7. HP: 48/52 MP: 7/10
  4688 | D:4      | Noticed Natasha
  4747 | D:4      | Killed Natasha
  4979 | D:4      | Noticed Natasha
  4991 | D:4      | Killed Natasha
  5230 | D:4      | Noticed Natasha
  5239 | D:4      | Killed Natasha
  5327 | D:4      | Gained mutation: You are somewhat unskilled. (-1 Apt) [Ru
                  | sacrifice]
  5327 | D:4      | Reached * piety under Ru
  5437 | D:5      | Entered Level 5 of the Dungeon
  5447 | D:5      | Found a staircase to the Ecumenical Temple.
  5460 | D:5      | Noticed Ijyb
  5479 | D:5      | Killed Ijyb
  5486 | D:5      | Noticed Blork the orc
  5502 | Temple   | Entered the Ecumenical Temple
  5890 | D:5      | Killed Blork the orc
  6426 | D:5      | Found Bimagiov's Food Shop.
  6524 | D:5      | You fall through a shaft for 2 floors!
  6525 | D:7      | Noticed a yak
  6526 | D:7      | Noticed a hungry ghost
  6528 | D:7      | Found an ornate altar of the Wu Jian Council.
  6529 | D:7      | Noticed Pikel
  6557 | D:7      | Reached XP level 8. HP: 43/61 MP: 8/12
  6568 | D:7      | Killed Pikel
  6629 | D:7      | Reached skill level 5 in Dodging
  6629 | D:7      | Reached XP level 9. HP: 45/71 MP: 10/13
  6766 | D:7      | Noticed Menkaure
  6990 | D:5      | Found a sparkling altar of Nemelex Xobeh.
  7589 | D:6      | Noticed a troll
  7899 | D:5      | Killed a troll
  8654 | D:7      | Killed Menkaure
  8790 | D:7      | Noticed Joseph
  9301 | D:7      | Killed Joseph
  9301 | D:7      | Reached skill level 5 in Fighting
  9635 | D:7      | Reached XP level 10. HP: 72/81 MP: 11/14
  9902 | D:7      | Found a white marble altar of Elyvilon.
  9902 | D:7      | Found a glowing silver altar of Zin.
  9949 | D:8      | Noticed Harold
  9975 | D:7      | Killed Harold
 10921 | D:8      | Learned a level 5 spell: Blade Hands
 11074 | D:8      | Found a blossoming altar of Fedhas.
 11700 | D:8      | Reached skill level 10 in Unarmed Combat
 12234 | D:9      | Reached skill level 5 in Transmutations
 12310 | D:9      | Found Dupoany's Antique Weapon Boutique.
 12319 | D:9      | Found Xecku's Assorted Antiques.
 12325 | D:9      | Bought 2 scrolls labeled OPAILOLLAS for 46 gold pieces
 12325 | D:9      | Bought a scroll of identify for 46 gold pieces
 12325 | D:9      | Bought a scroll of identify for 46 gold pieces
 12325 | D:9      | Bought a potion of lignification for 69 gold pieces
 12325 | D:9      | Bought a brass wand for 92 gold pieces
 12712 | D:8      | Reached XP level 11. HP: 40/89 MP: 18/18
 12958 | D:9      | Found Gitediy's Food Emporium.
 13126 | D:9      | Reached skill level 5 in Spellcasting
 13179 | D:9      | Found Luhugy's Gadget Shop.
 13288 | D:9      | Found Libb's General Store.
 13296 | D:9      | Bought a scroll of magic mapping for 59 gold pieces
 13472 | D:10     | Entered Level 10 of the Dungeon
 13472 | D:10     | Noticed Erica
 13527 | D:9      | Killed Erica
 13527 | D:9      | Reached skill level 1 in Evocations
 14279 | D:10     | Found a staircase to the Orcish Mines.
 14347 | D:10     | HP: 4/89 [yak (5)]
 14348 | D:10     | Found a staircase to the Lair.
 16414 | D:6      | Identified a +2 pair of boots of running (You found it on
                  | level 6 of the Dungeon)
 16590 | Lair:1   | Entered Level 1 of the Lair of Beasts
 17344 | Lair:1   | Reached skill level 5 in Evocations
 17384 | Lair:1   | Noticed a five-headed hydra
 17401 | Lair:1   | Killed a five-headed hydra
 17429 | Lair:1   | Reached XP level 12. HP: 96/96 MP: 20/23
 18516 | Lair:2   | Gained mutation: You cannot train Dodging skill. [Ru
                  | sacrifice]
 18516 | Lair:2   | Reached ** piety under Ru
 18516 | Lair:2   | Reached *** piety under Ru
 18516 | Lair:2   | Reached **** piety under Ru
 19157 | Lair:2   | Found a staircase to the Shoals.
 19401 | Lair:2   | Noticed a seven-headed hydra
 19407 | Lair:2   | Killed a nine-headed hydra
 20430 | Lair:3   | Reached skill level 10 in Spellcasting
 20586 | Lair:3   | Reached skill level 10 in Transmutations
 21104 | Lair:3   | Quit the game

Levels and vault maps discovered:
D:1:      matt_arrival_spirals, layout_loops_ring
D:2:      layout_basic, yredelemnul_altar_generic
D:3:      layout_basic, minitemple, first_ration, grunt_ministairs_7,
          uniq_sigmund
D:4:      wad_pebble_path, layout_cave_pods, uniq_natasha
D:5:      layout_basic, temple_doors_e, serial_shops, nicolae_shop_waterfront,
          nemelex_diamond_rough_becter, uniq_blork_the_orc, uniq_ijyb
D:6:      kennysheep_windowed_halls, layout_basic
D:7:      layout_rooms, old_standard_altar, gammafunk_temple_overflow_wave,
          grunt_livestock, uniq_joseph, uniq_pikel, uniq_menkaure
D:8:      layout_loops_corners, fedhas_altar_1, uniq_harold
D:9:      layout_irregular_city, serial_shops,
          nicolae_shop_temple_entry_statues_fountains, shop, shop,
          nicolae_shop_trees, shop_statue
D:10:     layout_roguey, minmay_lair_entry_grove, orc_0_dummy, uniq_erica
Temple:   minmay_temple_bridge_abc
Lair:1:   layout_concentric_octagons
Lair:2:   layout_hall_layers, elwin_shoals_entry_stream
Lair:3:   layout_roguey

Skill      XL: |  1  2  3  4  5  6  7  8  9 10 11 12 |
---------------+-------------------------------------+-----
Transmutations | 3 4 5 4 5 8 10 | 10.0
Poison Magic   | 1 2 3 2 |  2.8
Unarmed Combat | 4 5 7 8 10 | 10.2
Dodging        | 3 5 6 7 0 |  0.0
Spellcasting   | 2 4 7 10 | 10.0
Fighting       | 2 3 5 6 |  6.4
Evocations     | 5 6 |  6.0

Action                   |  1- 3 |  4- 6 |  7- 9 | 10-12 || total
-------------------------+-------+-------+-------+-------++-------
Melee: Unarmed           |   164 |   150 |   306 |   774 ||  1394
       Tailslap          |    21 |    10 |    17 |    54 ||   102
       Kick              |     5 |     3 |     1 |       ||     9
       Punch             |     1 |     1 |     1 |    22 ||    25
       Headbutt          |       |     8 |       |     1 ||     9
 Cast: Beastly Appendage |     2 |    12 |     3 |     2 ||    19
       Spider Form       |       |     7 |    27 |    39 ||    73
       Sticks to Snakes  |       |       |     6 |       ||     6
       Blade Hands       |       |       |       |    25 ||    25
Invok: Sacrifice Skill   |       |       |     1 |       ||     1
       Reject Sacrifices |       |       |       |     1 ||     1
       Sacrifice Nimblen |       |       |       |     1 ||     1
 Abil: Breathe Dispellin |       |       |     3 |       ||     3
       End Transformatio |       |       |       |     4 ||     4
Evoke: Wand              |       |       |       |     4 ||     4
  Use: Scroll            |       |     1 |     6 |    19 ||    26
       Potion            |       |       |     1 |       ||     1
 Stab: Sleeping          |     2 |       |       |     1 ||     3
       Distracted        |     1 |       |     2 |     3 ||     6
  Eat: Chunk             |     2 |    10 |    16 |    39 ||    67
       Ration            |       |       |     2 |     3 ||     5
Armor: Skin              |    70 |    33 |    33 |   130 ||   266
Dodge: Dodged            |   121 |   108 |   247 |   555 ||  1031

Table legend:
 A = Non-vault XP
 B = Vault XP
 C = Vault XP percentage of total XP
 D = Non-vault monster count
 E = Vault monster count
 F = Vault count percentage of total count
                 A         B        C        D         E       F
            +---------+---------+-------+---------+---------+-------
      Total |   26777 |    8613 |  24.3 |     268 |      44 |  14.1
            +---------+---------+-------+---------+---------+-------
        D:1 |      59 |       0 |   0.0 |      27 |       0 |   0.0
        D:2 |      70 |       0 |   0.0 |      23 |       0 |   0.0
        D:3 |      68 |     235 |  77.6 |      22 |       3 |  12.0
        D:4 |     567 |      36 |   6.0 |      16 |       1 |   5.9
        D:5 |    1006 |     132 |  11.6 |      20 |       2 |   9.1
        D:6 |     647 |     517 |  44.4 |      16 |      12 |  42.9
        D:7 |    1277 |    3179 |  71.3 |      21 |       9 |  30.0
        D:8 |    2851 |       0 |   0.0 |      26 |       0 |   0.0
        D:9 |    1866 |     886 |  32.2 |      14 |       1 |   6.7
       D:10 |    3076 |    1953 |  38.8 |      32 |      12 |  27.3
     Lair:1 |    4897 |       0 |   0.0 |      18 |       0 |   0.0
     Lair:2 |    6850 |    1675 |  19.6 |      21 |       4 |  16.0
     Lair:3 |    3543 |       0 |   0.0 |      12 |       0 |   0.0
            +---------+---------+-------+---------+---------+-------
